 Dungeon Crawl Stone Soup version 0.27-a0-1188-g73eefd5def (webtiles) character file.

Game seed: 1458444114253184247

13168 st0uf the Geomancer (level 12, -21/68 HPs)
             Began as a Gargoyle Earth Elementalist on May 20, 2021.
             Was a Priest of Vehumet.
             Hit by a silver javelin thrown by a minotaur (26 damage)
             ... in a Gauntlet.
             The game lasted 00:48:04 (14433 turns).

st0uf the Geomancer (Gargoyle Earth Elementalist)  Turns: 14433, Time: 00:48:05

Health: -21/68     AC: 19    Str: 15    XL:     12   Next: 3%
Magic:  6/25       EV: 11    Int: 21    God:    Vehumet [***...]
Gold:   481        SH:  5    Dex: 10    Spells: 11/29 levels left

rFire    . . .     SeeInvis +   r - +2 hand axe (venom)
rCold    . . .     Faith    .   (no shield)
rNeg     + . .     Spirit   .   D - +0 steam dragon scales
rPois    ∞         Reflect  +   k - +0 helmet
rElec    +         Harm     .   (no cloak)
rCorr    .         Rampage  .   F - +2 pair of gloves {Str+3}
Will     .....     NoTele   +   (no boots)
Stlth    ++........             O - amulet of reflection
HPRegen  0.21/turn              v - ring of see invisible
MPRegen  0.19/turn              (no ring)

@: no status effects
A: sickness immunity, AC +8, negative energy resistance 1, electricity
resistance, torment resistance 1, petrification resistance
a: Renounce Religion


You were in a Gauntlet.
You worshipped Vehumet.
Vehumet was most pleased with you.
You visited 1 branch of the dungeon, and saw 11 of its levels.
You also visited: Gauntlet.

You collected 481 gold pieces.

Inventory:

Hand Weapons
 d - a +0 spear
 j - a +1 short sword of flaming
 r - a +2 hand axe of venom (weapon)
Missiles
 b - 74 stones
 s - 3 throwing nets
Armour
 c - a +0 robe
 h - a +0 ring mail
 k - a +0 helmet (worn)
 z - +0 swamp dragon scales
 D - +0 steam dragon scales (worn)
 F - a +2 pair of gloves of strength (worn)
 L - the +3 hat of Pondering {ponderous, Will+ MP+10 Int+5}
   (You found it in a Gauntlet)

   It affects your intelligence (+5).
   It affects your magic capacity (+10).
   It increases your willpower.
Magical Staves
 G - a staff of poison
Jewellery
 v - a ring of see invisible (left hand)
 B - a ring of ice
 E - a ring of ice
 J - a ring of protection from fire
 O - an amulet of reflection (around neck)
Wands
 o - a wand of polymorph (15)
 I - a wand of acid (8)
 K - a wand of iceblast (12)
Scrolls
 e - 2 scrolls of vulnerability
 f - 2 scrolls of magic mapping
 g - 5 scrolls of identify
 i - 2 scrolls of noise {unknown}
 l - 3 scrolls of enchant weapon {unknown}
 m - a scroll of amnesia {unknown}
 p - 5 scrolls of fear {unknown}
 t - 2 scrolls of enchant armour
 y - 2 scrolls of blinking {unknown}
 N - a scroll of acquirement {unknown}
Potions
 a - 4 potions of curing
 n - 2 potions of invisibility {unknown}
 q - 2 potions of brilliance {unknown}
 u - a potion of berserk rage
 w - a potion of resistance {unknown}
 x - a potion of flight {unknown}
 A - a potion of heal wounds {unknown}
 C - a potion of attraction {unknown}
 H - a potion of degeneration {unknown}
 M - a potion of cancellation {unknown}
 P - a potion of mutation {unknown}


   Skills:
 + Level 5.2 Fighting
 - Level 2.6 Axes
 + Level 6.7 Armour
 - Level 1.5 Dodging
 + Level 4.6 Stealth
 + Level 9.0 Spellcasting
 * Level 9.3 Conjurations
 * Level 5.4 Summonings
 + Level 0.7 Transmutations
 + Level 11.0 Earth Magic


You had 11 spell levels left.
You knew the following spells:

 Your Spells              Type           Power      Damage    Failure   Level
a - Sandblast             Erth           100%       2d20      1%          1
b - Stone Arrow           Conj/Erth      100%       3d13      1%          3
c - Passwall              Tmut/Erth      28%        N/A       1%          2
d - Animate Armour        Summ/Erth      88%        N/A       2%          4
e - Lee's Rapid Deconstr  Erth           26%        3d15*     1%          5
f - Mephitic Cloud        Conj/Pois/Air  22%        N/A       1%          3

Your spell library contained the following spells:

 Spells                   Type           Power      Damage    Failure   Level
 Iskenderun's Mystic Bla  Conj/Tloc      29%        2d7       3%          4
 Poisonous Vapours        Pois/Air       18%        N/A       3%          2
 Ignite Poison            Fire/Tmut/Pois 10%        N/A       5%          3
 Sting                    Tmut/Pois      40%        1d5       6%          1
 Petrify                  Tmut/Erth      34%        N/A       6%          4
 Olgreb's Toxic Radiance  Pois           9%         N/A       17%         4
 Yara's Violent Unravell  Hex/Tmut       5%         3d4       38%         5
 Cause Fear               Hex            4%         N/A       56%         4
 Silence                  Hex/Air        4%         N/A       89%         5
 Discord                  Hex            4%         N/A       100%        8
 Shatter                  Erth           26%        3d22*     100%        9


Dungeon Overview and Level Annotations

Branches:
Dungeon (11/15)            Temple (0/1) D:7            Lair (0/6) D:8
Gauntlet (1/1)
    Orc: D:9-12

Altars:
Ashenzari
Dithmenos
Elyvilon
Fedhas
Gozag
Kikubaaqudgha
Makhleb
Nemelex Xobeh
Ru
Sif Muna
Vehumet
Xom
Yredelemnul

Annotations:
D:2 Sigmund
D:5 exclusion: statue
D:10 exclusion: door Gauntlet 3 transporters


Innate Abilities, Weirdness & Mutations

You are immune to sickness and miasma.
Your stone body is resilient. (AC +8)
You are immune to poison.
You resist negative energy. (rN+)
You are resistant to electric shocks. (rElec)
You are resistant to unholy torment.
You are immune to petrification.


Message History

The minotaur throws a silver javelin.
The silver javelin pierces through you!!
Casting: Lee's Rapid Deconstruction (dangerous; 1% risk of failure)
Confirm with . or Enter, or press ? or * to list all spells.
Aiming: Stone Arrow (safe; 1% risk of failure)
Press: ? - help, Shift-Dir - straight line, f - minotaur
Aim: a minotaur, wearing a +0 chain mail and quivering silver javelins (noxious fumes, lightly wounded, 87% to hit)
The stone arrow hits the minotaur!
The minotaur is moderately wounded.
The minotaur is engulfed in noxious fumes.
Casting: Stone Arrow (safe; 1% risk of failure)
Confirm with . or Enter, or press ? or * to list all spells.
Aiming: Stone Arrow (safe; 1% risk of failure)
Press: ? - help, Shift-Dir - straight line, f/p - minotaur
Aim: a minotaur, wearing a +0 chain mail and quivering silver javelins (moderately wounded, 87% to hit)
The stone arrow hits the minotaur!!
The minotaur is heavily wounded.
The minotaur hits you but does no damage.
The minotaur gores you but does no damage.
Casting: Stone Arrow (safe; 1% risk of failure)
Confirm with . or Enter, or press ? or * to list all spells.
Aiming: Stone Arrow (safe; 1% risk of failure)
Press: ? - help, Shift-Dir - straight line, f/p - minotaur
Aim: a minotaur, wearing a +0 chain mail and quivering silver javelins (heavily wounded, 87% to hit)
The stone arrow misses the minotaur.
The minotaur hits you but does no damage.
The minotaur gores you.
Casting: Stone Arrow (safe; 1% risk of failure)
Confirm with . or Enter, or press ? or * to list all spells.
Aiming: Stone Arrow (safe; 1% risk of failure)
Press: ? - help, Shift-Dir - straight line, f/p - minotaur
Aim: a minotaur, wearing a +0 chain mail and quivering silver javelins (heavily wounded, 87% to hit)
The stone arrow hits the minotaur.
The minotaur is heavily wounded.
The minotaur hits you!!
* * * LOW HITPOINT WARNING * * *
The minotaur completely misses you.
The minotaur throws a silver javelin.
The silver javelin pierces through you!!
You die...

#.#3#...#####.#####...#.
©=[33#...#....©....#.8.#.
######...###########...##
.........................
......≈∩≈................
#########################
...............≈ #8# #8#
.8.8..©.©..8.8.8# ## ##
........@......≈#
###.###.###.#### #H# #
... °###. .. .. ## ##


You could see a minotaur and 2 sixfirhies.

Vanquished Creatures
  A centaur warrior (D:10)
  2 two-headed ogres
  A fire crab (shapeshifter) (D:11)
  A necromancer (Gauntlet)
  2 manticores
  Maggie (D:7)
  Psyche (D:11)
  An unseen horror (D:10)
  A komodo dragon (D:8)
  A troll (D:11)
  Grinder (D:4)
  A hornet (D:4)
  A raiju (Gauntlet)
  A ynoxinul (Gauntlet)
  Eustachio (D:6)
  4 yaks
  3 steam dragons
  Grum (D:10)
  Menkaure (D:7)
  3 swamp worms (Gauntlet)
  2 water moccasins
  Duvessa (D:4)
  6 orc warriors
  An ice beast (D:6)
  2 necrophages
  6 ogres
  5 wolves
  5 centaurs
  2 phantoms (D:5)
  2 kobold brigands
  3 bullfrogs
  2 gnoll sergeants
  Dowan (D:4)
  2 scorpions
  3 wights (D:9)
  7 killer bees
  6 howler monkeys (D:7)
  A centaur zombie (D:8)
  A crimson imp (D:5)
  A bullfrog zombie (D:7)
  4 hounds
  A gnoll shaman (D:5)
  6 orc priests
  3 iron imps (Gauntlet)
  A centaur skeleton (D:5)
  3 iguanas
  9 orc wizards
  A killer bee zombie (D:8)
  Robin (D:1)
  15 gnolls
  A howler monkey zombie (D:10)
  4 adders
  3 ufetubi
  An adder skeleton (D:4)
  6 dart slugs
  28 orcs
  6 ball pythons
  2 bats
  10 endoplasms
  A giant cockroach (D:4)
  13 goblins
  12 hobgoblins
  8 jackals (D:1)
  13 kobolds
  2 quokkas (D:3)
  2 frilled lizards (D:1)
  3 rats
247 creatures vanquished.

Vanquished Creatures (collateral kills)
  A wyvern (D:9)
  5 yaks (D:9)
  3 wolves (D:9)
  4 wights (D:9)
13 creatures vanquished.

Vanquished Creatures (others)
  7 plants
7 creatures vanquished.

Grand Total: 267 creatures vanquished

Notes
Turn   | Place    | Note
-------+----------+-------------------------------------------
     0 | D:1      | st0uf the Gargoyle Earth Elementalist began the quest for
                  | the Orb.
     0 | D:1      | Reached XP level 1. HP: 10/10 MP: 3/3
   103 | D:1      | Reached skill level 1 in Armour
   151 | D:1      | Reached skill level 4 in Earth Magic
   151 | D:1      | Reached XP level 2. HP: 9/15 MP: 0/5
   302 | D:1      | Found a faded altar of an unknown god.
   493 | D:1      | Reached XP level 3. HP: 11/19 MP: 6/6
   497 | D:1      | Learned a level 3 spell: Stone Arrow
  1871 | D:2      | Noticed Robin
  1888 | D:1      | Killed Robin
  1889 | D:1      | Reached XP level 4. HP: 5/24 MP: 0/7
  2327 | D:2      | Noticed a black bear
  2460 | D:2      | Reached skill level 1 in Conjurations
  2473 | D:2      | Noticed Sigmund
  2669 | D:3      | Reached skill level 1 in Fighting
  2967 | D:3      | Reached XP level 5. HP: 14/29 MP: 2/9
  3736 | D:2      | You fall into a shaft and drop 2 floors!
  3747 | D:4      | Found a broken altar of Ashenzari.
  4149 | D:4      | Noticed an ogre
  4154 | D:4      | Killed an ogre
  4155 | D:4      | Reached skill level 5 in Earth Magic
  4155 | D:4      | Reached XP level 6. HP: 34/34 MP: 6/10
  4253 | D:4      | Found an opulent altar of Gozag.
  4254 | D:4      | Found a white marble altar of Elyvilon.
  4777 | D:4      | Noticed a hornet
  4788 | D:4      | Killed a hornet
  4789 | D:4      | Reached XP level 7. HP: 20/39 MP: 4/12
  5104 | D:4      | Noticed Grinder
  5128 | D:4      | Paralysed by Grinder for 5 turns
  5139 | D:4      | Killed Grinder
  5140 | D:4      | Reached skill level 1 in Axes
  5140 | D:4      | Reached skill level 6 in Earth Magic
  5140 | D:4      | Reached XP level 8. HP: 41/44 MP: 3/14
  5330 | D:4      | Noticed Dowan
  5351 | D:4      | Noticed Duvessa
  5363 | D:4      | Killed Duvessa
  5365 | D:4      | Killed Dowan
  5481 | D:5      | Entered Level 5 of the Dungeon
  5553 | D:5      | Found a radiant altar of Vehumet.
  5861 | D:5      | Found a burning altar of Makhleb.
  5864 | D:5      | Reached skill level 5 in Spellcasting
  5974 | D:5      | Found a shimmering blue altar of Sif Muna.
  6051 | D:5      | Reached skill level 7 in Earth Magic
  6152 | D:5      | Learned a level 2 spell: Passwall
  6171 | D:5      | Reached skill level 5 in Armour
  6211 | D:5      | Reached XP level 9. HP: 49/49 MP: 9/17
  6267 | D:5      | Became a worshipper of Vehumet
  6630 | D:5      | Found a shimmering altar of Xom.
  6770 | D:6      | Found an ancient bone altar of Kikubaaqudgha.
  6890 | D:6      | Noticed Eustachio
  6902 | D:6      | Killed Eustachio
  6903 | D:6      | Reached skill level 5 in Conjurations
  7314 | D:6      | Found a sparkling altar of Nemelex Xobeh.
  7419 | D:6      | Identified the Grimoire of Earthen Weightlessness
  7477 | D:6      | Learned a level 4 spell: Animate Armour
  7937 | D:7      | Found a staircase to the Ecumenical Temple.
  7979 | D:7      | Noticed Maggie
  8114 | D:7      | Reached skill level 1 in Summonings
  8119 | D:7      | Reached skill level 8 in Earth Magic
  8122 | D:7      | Reached * piety under Vehumet
  8122 | D:7      | Offered knowledge of Magic Dart by Vehumet.
  8349 | D:7      | Found a sacrificial altar of Ru.
  8521 | D:7      | Killed Maggie
  8751 | D:7      | Reached XP level 10. HP: 42/56 MP: 7/20
  8840 | D:7      | Noticed Menkaure
  8844 | D:7      | Killed Menkaure
  9321 | D:8      | Found a staircase to the Lair.
  9495 | D:8      | Noticed a two-headed ogre
  9503 | D:8      | Killed a two-headed ogre
  9533 | D:8      | Found a blossoming altar of Fedhas.
  9613 | D:8      | Reached skill level 9 in Earth Magic
  9754 | D:8      | Noticed a manticore
  9761 | D:8      | Killed a manticore
 10019 | D:8      | Learned a level 5 spell: Lee's Rapid Deconstruction
 10068 | D:8      | Reached ** piety under Vehumet
 10068 | D:8      | Offered knowledge of Freeze by Vehumet.
 11093 | D:9      | Reached XP level 11. HP: 52/62 MP: 18/22
 11231 | D:9      | Found a shadowy altar of Dithmenos.
 11633 | D:9      | Offered knowledge of Dazzling Flash by Vehumet.
 12191 | D:10     | Entered Level 10 of the Dungeon
 12192 | D:10     | Noticed Grum
 12375 | D:10     | Killed Grum
 12539 | D:10     | Noticed a two-headed ogre
 12545 | D:10     | Killed a two-headed ogre
 12546 | D:10     | Reached skill level 10 in Earth Magic
 12685 | D:10     | Found a basalt altar of Yredelemnul.
 12929 | D:10     | Learned a level 3 spell: Mephitic Cloud
 13263 | D:10     | Noticed a centaur warrior
 13266 | D:10     | Killed a centaur warrior
 13461 | D:11     | Noticed Psyche
 13464 | D:11     | Killed Psyche
 13559 | D:11     | Noticed a manticore
 13565 | D:11     | Killed a manticore
 13565 | D:11     | Reached *** piety under Vehumet
 13566 | D:11     | Reached skill level 5 in Fighting
 13566 | D:11     | Reached skill level 5 in Summonings
 13607 | D:11     | Noticed a fire crab
 13612 | D:11     | Killed a fire crab
 13806 | D:11     | Found a gate leading to a gauntlet.
 13812 | Gauntlet | Entered a Gauntlet
 13812 | Gauntlet | Found a transporter.
 13812 | Gauntlet | Found a transporter.
 13812 | Gauntlet | Found a transporter.
 13812 | Gauntlet | Found the +3 hat of Pondering {ponderous, Will+ MP+10
                  | Int+5}
 13812 | Gauntlet | Noticed a dire elephant
 13821 | Gauntlet | Found a transporter.
 13831 | Gauntlet | Found a transporter.
 13846 | Gauntlet | Found a transporter.
 13939 | Gauntlet | Found a transporter.
 13976 | Gauntlet | Noticed a necromancer
 14110 | Gauntlet | Found a transporter.
 14225 | Gauntlet | Found a transporter.
 14299 | Gauntlet | Found a transporter.
 14301 | Gauntlet | Noticed a sixfirhy
 14301 | Gauntlet | Noticed a sixfirhy
 14309 | Gauntlet | Offered knowledge of Iskenderun's Mystic Blast by Vehumet.
 14312 | Gauntlet | Killed a necromancer
 14313 | Gauntlet | Reached XP level 12. HP: 59/68 MP: 12/25
 14330 | Gauntlet | Reached skill level 11 in Earth Magic
 14425 | Gauntlet | Found the +3 pair of gauntlets of War {Slay+5}
 14425 | Gauntlet | Found a transporter.
 14426 | Gauntlet | Noticed a minotaur
 14433 | Gauntlet | Hit by a silver javelin thrown by a minotaur

Illustrated notes

Levels and vault maps discovered:
D:1:      roderic_crossed_star, layout_loops_corners,
          hellmonk_ecumenical_altar_heavens_door, serial_bayou_pond_e
D:2:      layout_rooms, chequers_serial_rivers_small_3, minmay_joined_circles,
          uniq_robin, uniq_sigmund
D:3:      layout_loops_ring
D:4:      layout_basic, nicolae_overflow_hidden_temple, uniq_grinder,
          uniq_duvessa
D:5:      layout_cave_pools, general_overflow_altar, vehumet_statue,
          makhleb_grotto_becter, kennysheep_little_box
D:6:      layout_basic, kiku_gazebo_pond_becter, nemelex_dance_club_becter,
          uniq_eustachio
D:7:      layout_basic, nicolae_ru_great_annihilating_truth,
          minmay_temple_entry_butterflies, grunt_ministairs_8, uniq_menkaure,
          uniq_maggie
D:8:      layout_cave_pools, lemuel_crystal_altar, david_lair_shrubbed
D:9:      layout_basic, lemuel_tele_altar
D:10:     layout_cave_pods, yredelemnul_forgotten_temple_becter,
          kennysheep_generic_room_14, uniq_grum
D:11:     layout_loops_ring, gauntlet_entry_generic, uniq_urug, uniq_psyche
Gauntlet: gammafunk_gauntlet_shortcut [nicolae_gauntlet_arena_flowing_pool,
          gammafunk_gauntlet_arena_grid, gammafunk_gauntlet_arena_split_diamond,
          gammafunk_gauntlet_arena_corners, gammafunk_gauntlet_arena_chambers,
          gammafunk_gauntlet_arena_crates, gauntlet_exit_hidden_loot]

Skill      XL: |  1  2  3  4  5  6  7  8  9 10 11 12 |
---------------+-------------------------------------+-----
Armour         | 1 2 3 4 5 6 |  6.7
Earth Magic    | 4 5 6 7 8 9 10 11 | 11.0
Conjurations   | 1 2 3 4 5 7 9 |  9.3
Fighting       | 1 2 3 4 5 |  5.2
Spellcasting   | 3 4 5 6 7 9 |  9.0
Stealth        | 3 4 |  4.6
Axes           | 1 2 |  2.6
Summonings     | 2 4 5 |  5.4
Dodging        | |  1.5
Transmutations | |  0.7

Action                   |  1- 3 |  4- 6 |  7- 9 | 10-12 || total
-------------------------+-------+-------+-------+-------++-------
Melee: Spear             |   122 |   187 |       |       ||   309
       Hand axe          |       |     1 |   120 |   229 ||   350
 Cast: Sandblast         |    20 |    30 |    64 |    14 ||   128
       Stone Arrow       |       |       |    30 |   117 ||   147
       Animate Armour    |       |       |       |     9 ||     9
       Lee's Rapid Decon |       |       |       |     3 ||     3
       Mephitic Cloud    |       |       |       |     1 ||     1
  Use: Scroll            |       |       |     4 |       ||     4
 Stab: Sleeping          |     3 |     3 |     2 |     1 ||     9
       Paralysed         |       |       |     1 |       ||     1
       Distracted        |       |       |       |     1 ||     1
Armor: Robe              |    33 |       |       |       ||    33
       Ring mail         |    26 |    90 |   137 |       ||   253
       Swamp dragon scal |       |       |     5 |    87 ||    92
       Steam dragon scal |       |       |       |   122 ||   122
Dodge: Dodged            |    72 |    93 |   131 |   225 ||   521

Table legend: (Time is in decaauts)
 A = Elapsed time spent in this place.
 B = Non-inter-level travel time spent in this place.
 C = Inter-level travel time spent in this place.
 D = Time resting spent in this place.
 E = Time spent auto-exploring this place.
 F = Levels seen in this place.
 G = Mean time per level.
                   A        B        C        D        E       F      G
               +--------+--------+--------+--------+--------+-----+--------+
         Total |  14539 |  14177 |    362 |   3933 |   7268 |  12 | 1211.6 |
       Dungeon |  13914 |  13552 |    362 |   3528 |   7268 |  11 | 1264.9 |
      Gauntlet |    625 |    625 |      0 |    405 |      0 |   1 |  625.0 |
               +--------+--------+--------+--------+--------+-----+--------+

Top non-repeatable levels by time:
     D:1: 2223 daAuts
     D:4: 1825 daAuts
     D:9: 1711 daAuts
     D:6: 1395 daAuts
     D:8: 1347 daAuts
     D:3: 1243 daAuts
     D:5: 1202 daAuts
     D:7: 1201 daAuts
    D:10: 1082 daAuts
Gauntlet: 625 daAuts
    D:11: 379 daAuts
     D:2: 301 daAuts
